 Dungeon Crawl Stone Soup version 0.28-a0-268-g3f656e82c2 (webtiles) character file.

Game seed: 13286732602365640350

237 bande the Covered (level 6, 0/38 HPs)
             Began as a Gargoyle Fighter on Aug 29, 2021.
             Was an Initiate of Okawaru.
             Slain by an ogre (12 damage)
             ... on level 4 of the Dungeon.
             The game lasted 00:07:15 (3616 turns).

bande the Covered (Gargoyle Fighter)                Turns: 3616, Time: 00:07:15

Health: 0/38       AC: 14    Str: 20    XL:     6   Next: 6%
Magic:  6/6        EV:  7    Int:  9    God:    Okawaru [......]
Gold:   139        SH:  9    Dex: 10    Spells: 5/5 levels left

rFire   + . .      SeeInvis .   a - +1 war axe
rCold   . . .      Faith    .   c - +1 kite shield
rNeg    + . .      Spirit   .   b - +0 scale mail
rPois   ∞          Reflect  .   m - +0 helmet
rElec   +          Harm     .   (no cloak)
rCorr   .          Rampage  .   (no gloves)
Will    .....                   (no boots)
Stlth   ..........              (no amulet)
HPRegen 0.12/turn               e - ring of protection from fire
MPRegen 0.10/turn               (no ring)

@: no status effects
A: sickness immunity, AC +4, negative energy resistance 1, electricity
resistance, torment resistance 1, petrification resistance, hooves 1, iridescent
scales 1
a: Renounce Religion


You were on level 4 of the Dungeon.
You worshipped Okawaru.
Okawaru was noncommittal.
You visited 1 branch of the dungeon, and saw 4 of its levels.

You collected 139 gold pieces.

Inventory:

Hand Weapons
 a - a +1 war axe (weapon)
 f - a +0 flail
Armour
 b - a +0 scale mail (worn)
 c - a +1 kite shield (worn)
 m - a +0 helmet (worn)
Jewellery
 e - a ring of protection from fire (left hand)
 g - an amulet of the acrobat
Wands
 h - a wand of polymorph (4)
Scrolls
 i - a scroll of enchant armour
 j - a scroll of silence
 l - a scroll of teleportation
Potions
 d - 2 potions of might
 n - a potion of magic {unknown}


   Skills:
 + Level 4.0 Fighting
 + Level 3.3 Axes
 + Level 4.6 Armour
 - Level 1.0 Dodging
 - Level 0.4 Stealth
 + Level 4.5 Shields
 * Level 0.1 Invocations


You had 5 spell levels left.
You didn't know any spells.
Your spell library contained the following spells:

 Spells                   Type           Power      Damage    Failure   Level
 Corona                   Hex            0%         N/A       99%         1
 Shock                    Conj/Air       0%         1d3       99%         1
 Ensorcelled Hibernation  Hex/Ice        0%         N/A       100%        2
 Wereblood                Tmut           0%         N/A       100%        2
 Sublimation of Blood     Necr           Unusable   N/A       N/A         2
 Tukima's Dance           Hex            Unusable   N/A       N/A         3
 Summon Hydra             Summ           Unusable   N/A       N/A         7

Dungeon Overview and Level Annotations

Branches:
Dungeon (4/15)
 Temple: D:4-7

Altars:
Okawaru
Sif Muna

Shops:
D:1 *   D:3 :


Innate Abilities, Weirdness & Mutations

You are immune to sickness and miasma.
Your stone body is resilient. (AC +4)
You are immune to poison.
You resist negative energy. (rN+)
You are resistant to electric shocks. (rElec)
You are resistant to unholy torment.
You are immune to petrification.
You have large cloven feet.
You are partially covered in iridescent scales. (AC +2)


Message History

No target in view!
No target in view!
No target in view!
No target in view!
No target in view!
HP restored.
Things that are here:
a +0 spear; a gnoll corpse You now have 139 gold pieces (gained 7).
Found 22 arrows.
Found 25 stones.
Found a mace.
Found a stone staircase leading down.
You see here 25 stones.
Found 3 large rocks.
No target in view!
No target in view!
No target in view!
No target in view!
No target in view!
No target in view!
No target in view!
A hobgoblin and an ogre come into view.
The ogre shouts!
There are monsters nearby!
You barely miss the ogre. You slash the hobgoblin!
You kill the hobgoblin!
Okawaru accepts your kill. The ogre closely misses you.
Your Fighting skill increases to level 4!
You hit the ogre but do no damage. You kick the ogre.
The ogre is lightly wounded.
You block the ogre's attack.
You hit the ogre.
The ogre is moderately wounded.
The ogre hits you with a +0 giant spiked club!!
Ouch! That really hurt!
You barely miss the ogre. You kick the ogre.
The ogre is heavily wounded.
The ogre hits you with a +0 giant spiked club!
You die...

....................#
...............######
...............#
...#######.....# ...+
#.....# ≈..# +.....#
...# #.....###### ≈.
#..........#
##+###.@...# #.O(..#
#.....# #.....#
#.....# #.....#
'.....# #.....#


You could see an ogre.

Vanquished Creatures
  A gnoll shaman (D:3)
  Robin (D:3)
  5 gnolls
  5 adders
  2 dart slugs
  3 orcs (D:3)
  7 ball pythons
  A bat (D:1)
  10 endoplasms
  3 giant cockroaches
  18 goblins
  13 hobgoblins
  5 kobolds
  3 quokkas
  6 frilled lizards
  8 rats
91 creatures vanquished.

Notes
Turn   | Place    | Note
-------+----------+-------------------------------------------
     0 | D:1      | bande the Gargoyle Fighter began the quest for the Orb.
     0 | D:1      | Reached XP level 1. HP: 14/14 MP: 1/1
    75 | D:1      | Reached XP level 2. HP: 19/19 MP: 2/2
   614 | D:1      | Found Plog's General Store.
   629 | D:1      | Reached XP level 3. HP: 23/23 MP: 3/3
   661 | D:1      | You fall into a shaft and drop 1 floor!
  1200 | D:2      | Gained mutation: You have large cloven feet. [potion of
                  | mutation]
  1200 | D:2      | Gained mutation: You are partially covered in iridescent
                  | scales. (AC +2) [potion of mutation]
  1451 | D:2      | Reached XP level 4. HP: 27/29 MP: 4/4
  1953 | D:2      | Found a faded altar of an unknown god.
  1970 | D:2      | Got Plato's Compendium of Air
  2101 | D:3      | Noticed Robin
  2267 | D:3      | Killed Robin
  2268 | D:3      | Reached XP level 5. HP: 29/33 MP: 5/5
  2482 | D:3      | Found Apalirr's Book Shoppe.
  2492 | D:3      | Found an iron altar of Okawaru.
  2503 | D:3      | Became a worshipper of Warmaster Okawaru
  3199 | D:4      | Found a shimmering blue altar of Sif Muna.
  3535 | D:4      | Reached skill level 1 in Dodging
  3535 | D:4      | Reached XP level 6. HP: 33/38 MP: 6/6
  3616 | D:4      | Slain by an ogre

Illustrated notes

Levels and vault maps discovered:
D:1:      psy_arrival_terrarium, layout_loops_ring, serial_shops, shop,
          minmay_pentomino_v2
D:2:      cheibrodos_greedy_goblins, layout_loops_ring,
          shapermc_ecumenical_altar_rom_forum, chequers_serial_rivers_small_b
D:3:      layout_basic, kennysheep_okawaru_gauntlet, serial_shops, shop,
          minivault_27, uniq_robin
D:4:      layout_gridville, mainiacjoe_overflow_cross_hatched, uniq_purgy

Skill      XL: |  1  2  3  4  5  6 |
---------------+-------------------+-----
Axes           | 2 3 |  3.3
Armour         | 4 |  4.6
Shields        | 4 |  4.5
Dodging        | 1 |  1.0
Fighting       | 4 |  4.0
Stealth        | |  0.4
Invocations    | |  0.1

Action                   |  1- 3 |  4- 6 || total
-------------------------+-------+-------++-------
Melee: War axe           |    92 |   128 ||   220
       Kick              |     3 |    25 ||    28
  Use: Scroll            |     3 |     6 ||     9
       Potion            |     1 |       ||     1
Armor: Scale mail        |    47 |    83 ||   130
       Skin              |       |    15 ||    15
Dodge: Dodged            |    23 |    52 ||    75
Block: Kite shield       |    52 |    99 ||   151

Table legend: (Time is in decaauts)
 A = Elapsed time spent in this place.
 B = Non-inter-level travel time spent in this place.
 C = Inter-level travel time spent in this place.
 D = Time resting spent in this place.
 E = Time spent auto-exploring this place.
 F = Levels seen in this place.
 G = Mean time per level.
                   A        B        C        D        E       F      G
               +--------+--------+--------+--------+--------+-----+--------+
         Total |   3755 |   3736 |     19 |    737 |   2131 |   4 |  938.8 |
       Dungeon |   3755 |   3736 |     19 |    737 |   2131 |   4 |  938.8 |
               +--------+--------+--------+--------+--------+-----+--------+

Top non-repeatable levels by time:
     D:3: 1207 daAuts
     D:2: 1152 daAuts
     D:1: 1138 daAuts
     D:4: 255 daAuts
